 Dungeon Crawl Stone Soup version 0.26.1 (webtiles) character file.

Game seed: 6997184188224985311

4466 Impy the Nimble (level 10, -3/70 HPs)
             Began as a Demonspawn Gladiator on Feb 4, 2021.
             Was an Elder of Okawaru.
             Splashed by a brown ugly thing's acid (6 damage)
             ... on level 9 of the Dungeon.
             The game lasted 00:29:10 (8533 turns).

Impy the Nimble (Demonspawn Gladiator)              Turns: 8533, Time: 00:29:10

Health: -3/70      AC: -4    Str: 16    XL:     10   Next: 15%
Magic:  0/10       EV: 22    Int: 12    God:    Okawaru [****..]
Gold:   615        SH:  0    Dex: 14    Spells: 9/9 levels left

rFire    . . .     SeeInvis .   t - +1 trident (vorpal)
rCold    . . .     Faith    .   (no shield)
rNeg     . . .     Spirit   +   A - +4 troll leather armour
rPois    .         Reflect  .   c - +0 helmet
rElec    .         Harm     .   (no cloak)
rCorr    .         Rampage  .   q - +0 pair of gloves
Will     .....                  (no boots)
Stlth    +++.......             i - amulet of the acrobat
HPRegen  0.61/turn              x - +4 ring of slaying (curse)
MPRegen  0.12/turn              (no ring)

@: heroism, corroded
A: claws 1, powered by death 2, magic shield, sturdy frame 2
a: Renounce Religion, Heroism


You were on level 9 of the Dungeon.
You worshipped Okawaru.
Okawaru was greatly pleased with you.
You visited 1 branch of the dungeon, and saw 9 of its levels.
You also visited: Sewer.

You collected 615 gold pieces.

Inventory:

Hand Weapons
 a - a +0 long sword
 f - a +0 spear of venom
 j - a +2 spear of venom
 t - a +1 vorpal trident (weapon)
 y - a cursed +4 scimitar of freezing
Missiles
 d - a throwing net (quivered)
 g - 4 boomerangs
Armour
 c - a +0 helmet (worn)
 q - a +0 pair of gloves (worn)
 A - a +4 troll leather armour (worn)
Jewellery
 h - an uncursed ring of fire
 i - an amulet of the acrobat (around neck)
 x - a cursed +4 ring of slaying (left hand)
 B - an uncursed amulet of magic regeneration
Wands
 v - a wand of polymorph (5)
 w - a wand of iceblast (7)
Scrolls
 k - 2 scrolls of fear
 m - 2 scrolls of magic mapping
 p - 6 scrolls of identify
 r - 2 scrolls of remove curse
 u - 7 scrolls of teleportation
 z - a scroll of fog
Potions
 e - a potion of might
 l - 7 potions of curing
 n - 3 potions of flight
 s - 3 potions of resistance
 D - a potion of mutation {unknown}


   Skills:
 - Level 3.0(8.0) Fighting
 - Level 2.6(7.6) Long Blades
 + Level 9.4(14.4) Polearms
 - Level 1.7(6.7) Throwing
 + Level 9.9(14.9) Dodging


You had 9 spell levels left.
You didn't know any spells.
Your spell library contained the following spells:

 Spells                   Type           Power        Failure   Level
 Foxfire                  Conj/Fire      0%           32%         1
 Conjure Flame            Conj/Fire      0%           69%         3
 Inner Flame              Hex/Fire       0%           69%         3
 Sticky Flame             Conj/Fire      0%           97%         4
 Fireball                 Conj/Fire      0%           100%        5


Dungeon Overview and Level Annotations

Branches:
Dungeon (9/15)             Temple (0/1) D:6           Sewer (visited)
   Lair: D:8-11         Orc: D:9-12

Altars:
Dithmenos
Fedhas
Okawaru
Trog
Uskayaw

Annotations:
D:8 exclusion: electric eel


Innate Abilities, Weirdness & Mutations

You have sharp fingernails.
You regenerate health from kills.
When hurt, damage is shared between your health and your magic reserves.
Your movements are less encumbered by armour. (ER -4)


Message History

The brown ugly thing gores you!
* * * LOW HITPOINT WARNING * * *
The acid corrodes you!
You are splashed with acid!
* * * LOW HITPOINT WARNING * * *
You feel much better. The brown ugly thing misses you.
You hit the brown ugly thing.
The brown ugly thing is severely wounded.
You barely miss the brown ugly thing.
The brown ugly thing is severely wounded.
The brown ugly thing closely misses you.
You hit the brown ugly thing but do no damage.
The brown ugly thing is severely wounded.
The brown ugly thing gores you!
* * * LOW HITPOINT WARNING * * *
The acid corrodes you!
You are splashed with acid!
* * * LOW HITPOINT WARNING * * *
You feel better. The brown ugly thing gores you!
* * * LOW HITPOINT WARNING * * *
The acid corrodes you!
You are splashed with acid.
You die...

.... ... ...8 #.. ....
#.# .... #.#
.>....+#####.# ...
...........#.# #.#
...........#.# #.#
...8.......#.#######.#.#
................@uFYJ.#
###..........#.#.####..#
#........#.##.#.#.#(..#
#................#####.#
#........#.####...# .#
#######.##..##.####..# .
#....##.........# .
#.#####.###'###.#
###.#####.#P...P#


You could see a brown ugly thing, an ice beast, a bullfrog and a jelly.

Vanquished Creatures
  A two-headed ogre (D:9)
  A gargoyle (D:9)
  A troll (D:9)
  Grinder (D:3)
  A slime creature (D:9)
  Purgy (D:4)
  An orc warrior (D:9)
  An ice beast (D:8)
  5 phantoms
  4 ogres
  5 centaurs
  4 bullfrogs
  A scorpion (D:4)
  5 wights (D:7)
  2 howler monkeys
  2 bullfrog zombies
  4 hounds
  A jelly (D:8)
  A gnoll shaman (D:6)
  An orc wizard (D:9)
  7 worker ants
  3 iguanas
  A hound zombie (D:5)
  16 gnolls
  11 adders
  3 shadow imps
  2 white imps
  2 ufetubi (D:6)
  An ooze (D:1)
  3 worms
  2 dart slugs
  8 leopard geckos
  9 orcs
  7 ball pythons
  6 bats
  9 giant cockroaches
  5 goblins (D:1)
  10 hobgoblins
  14 jackals
  4 quokkas
  11 frilled lizards
  5 kobolds
  A leopard gecko skeleton (D:6)
  11 rats
194 creatures vanquished.

Vanquished Creatures (others)
  3 plants (D:9)
3 creatures vanquished.

Grand Total: 197 creatures vanquished

Notes
Turn   | Place    | Note
-------+----------+-------------------------------------------
     0 | D:1      | Impy the Demonspawn Gladiator began the quest for the Orb.
     0 | D:1      | Reached XP level 1. HP: 16/16 MP: 1/1
    97 | D:1      | Gained mutation: You regenerate a little health from kills.
                  | [demonic ancestry]
    97 | D:1      | Reached XP level 2. HP: 22/22 MP: 2/2
   243 | D:1      | Reached skill level 1 in Polearms
   510 | D:1      | Reached XP level 3. HP: 28/28 MP: 3/3
  1358 | D:2      | Found an iron altar of Okawaru.
  1363 | D:2      | Became a worshipper of Warmaster Okawaru
  1407 | D:2      | Gained mutation: Your movements are slightly less
                  | encumbered by armour. (ER -2) [demonic ancestry]
  1407 | D:2      | Reached XP level 4. HP: 34/34 MP: 4/4
  1968 | D:3      | Noticed Grinder
  2517 | D:3      | Found a glowing drain.
  2527 | Sewer    | Entered a sewer
  2863 | Sewer    | Gained mutation: You have sharp fingernails. [demonic
                  | ancestry]
  2863 | Sewer    | Reached XP level 5. HP: 36/41 MP: 5/5
  3177 | Sewer    | Reached * piety under Okawaru
  3178 | Sewer    | Reached XP level 6. HP: 35/47 MP: 6/6
  3697 | D:3      | Killed Grinder
  3698 | D:3      | Reached skill level 5 in Dodging
  3698 | D:3      | Reached XP level 7. HP: 8/52 MP: 7/7
  3999 | D:4      | Noticed Purgy
  4020 | D:4      | Killed Purgy
  4025 | D:4      | Reached skill level 5 in Polearms
  4514 | D:4      | Found a blossoming altar of Fedhas.
  4515 | D:4      | Found a shadowy altar of Dithmenos.
  4676 | D:5      | Entered Level 5 of the Dungeon
  4886 | D:5      | Found a bloodstained altar of Trog.
  5241 | D:6      | Gained mutation: When hurt, damage is shared between your
                  | health and your magic reserves. [demonic ancestry]
  5241 | D:6      | Reached XP level 8. HP: 33/58 MP: 8/8
  5517 | D:6      | Reached ** piety under Okawaru
  6164 | D:6      | Found a staircase to the Ecumenical Temple.
  6682 | D:7      | Found a hide-covered altar of Uskayaw.
  6737 | D:7      | Reached *** piety under Okawaru
  6738 | D:7      | Gained mutation: You regenerate health from kills. [demonic
                  | ancestry]
  6738 | D:7      | Reached XP level 9. HP: 37/63 MP: 5/9
  7939 | D:9      | Noticed a troll
  7947 | D:9      | Noticed a two-headed ogre
  7956 | D:9      | Noticed a gargoyle
  7957 | D:9      | Killed a troll
  8262 | D:9      | Killed a two-headed ogre
  8262 | D:9      | Reached **** piety under Okawaru
  8263 | D:9      | Gained mutation: Your movements are less encumbered by
                  | armour. (ER -4) [demonic ancestry]
  8263 | D:9      | Reached XP level 10. HP: 49/70 MP: 5/10
  8280 | D:9      | Killed a gargoyle
  8511 | D:9      | Noticed a brown ugly thing
  8533 | D:9      | HP: 3/70 [brown ugly thing (9)]
  8533 | D:9      | Splashed by a brown ugly thing's acid

Illustrated notes

Levels and vault maps discovered:
D:1:      minmay_arrival_loop, layout_basic
D:2:      layout_loops_ring, okawaru_metal_pillars_1_2
D:3:      layout_rooms, portal_sewer_entry_f, grunt_ministairs_2, uniq_grinder
D:4:      layout_loops_ring, gammafunk_temple_overflow_statue, uniq_purgy
D:5:      layout_cave_pools, lemuel_doored_altar
D:6:      layout_cave_pools, minmay_temple_entry_stoned_glass, chequers_garden
D:7:      layout_loops_ring, eat_drink_and_be_merry_uskayaw,
          kennysheep_minor_cross
D:8:      layout_basic, lightli_minifort, uniq_gastronok
D:9:      layout_roguey, st_stairs_1, minmay_shattered_shrine, uniq_pikel

Skill      XL: |  1  2  3  4  5  6  7  8  9 |
---------------+----------------------------+-----
Polearms       | 1 2 3 4 5 7 9 |  9.4
Dodging        | 3 4 5 6 8 9 |  9.9
Fighting       | 3 |  3.0
Long Blades    | |  2.6
Throwing       | |  1.7

Action                   |  1- 3 |  4- 6 |  7- 9 | 10-12 || total
-------------------------+-------+-------+-------+-------++-------
Melee: Spear             |   128 |   172 |   293 |       ||   593
       Trident           |       |       |   145 |    40 ||   185
Throw: Throwing net      |       |       |     5 |       ||     5
       Boomerang         |       |       |     1 |       ||     1
Invok: Heroism           |       |     2 |     3 |     1 ||     6
  Use: Scroll            |     3 |     4 |     8 |     4 ||    19
       Potion            |       |     8 |     6 |     2 ||    16
 Stab: Sleeping          |       |     1 |     2 |       ||     3
       Distracted        |       |       |     2 |       ||     2
       Held in net/web   |       |       |     1 |       ||     1
Armor: Leather armour    |    24 |    39 |    47 |     1 ||   111
       Troll leather arm |       |       |       |     1 ||     1
Dodge: Dodged            |    49 |   147 |   241 |    22 ||   459
